 Dungeon Crawl Stone Soup version 0.28-a0-1147-gc7b72d3202 (webtiles) character file.

Game seed: 16035811801931425977

4 ChaosChampion the Skirmisher (level 1, -4/20 HPs)
             Began as a Minotaur Berserker on Dec 14, 2021.
             Was a Follower of Trog.
             Slain by a gnoll (5 damage)
             ... on level 1 of the Dungeon.
             The game lasted 00:00:55 (60 turns).

ChaosChampion the Skirmisher (Minotaur Berserker)     Turns: 60, Time: 00:00:56

Health: -4/20      AC:  2    Str: 21    XL:     1   Next: 58%
Magic:  0/0        EV: 12    Int:  4    God:    Trog [*.....]
Gold:   0          SH:  0    Dex:  9    Spells: 0/0 levels left

rFire   . . .      SeeInvis .   a - +0 hand axe
rCold   . . .      Faith    .   (no shield)
rNeg    . . .      Spirit   .   b - +0 animal skin
rPois   .          Reflect  .   (helmet restricted)
rElec   .          Harm     .   (no cloak)
rCorr   .          Rampage  .   (no gloves)
Will    .....                   (no boots)
Stlth   +.........              (no amulet)
HPRegen 0.06/turn               (no ring)
MPRegen 0.07/turn               (no ring)

@: no status effects
A: horns 2, retaliatory headbutt
a: Renounce Religion, Berserk


You were on level 1 of the Dungeon.
You worshipped Trog.
Trog was aware of your devotion.
You visited 1 branch of the dungeon, and saw 1 of its levels.

Inventory:

Hand Weapons
 a - a +0 hand axe (weapon)
Missiles
 c - 14 poisoned darts (quivered)
Armour
 b - a +0 animal skin (worn)


   Skills:
 + Level 3.8 Fighting
 + Level 3.7 Axes
 + Level 2.6 Armour
 - Level 2.1 Dodging


You couldn't memorise any spells.
You didn't know any spells.
Your spell library was empty.

Dungeon Overview and Level Annotations

Branches:
Dungeon (1/15)

Altars:


Innate Abilities, Weirdness & Mutations

You have a pair of horns on your head.
You reflexively headbutt those who attack you in melee.


Message History

Trog accepts your kill.
A frilled lizard comes into view.
A frilled lizard is nearby!
A frilled lizard is nearby!
You are too injured to fight recklessly!
You are too injured to fight recklessly!
A kobold comes into view.
It is wielding a +0 short sword of flaming.
The kobold shouts!
The frilled lizard hisses angrily.
You are too injured to fight recklessly!
A kobold comes into view. It is wielding a +0 dagger.
The kobold shouts!
You hit the kobold.
You kill the kobold!
Trog accepts your kill.
A gnoll comes into view. It is wielding a +0 club.
You barely miss the frilled lizard.
Your headbutt misses the frilled lizard.
The frilled lizard closely misses you.
You closely miss the frilled lizard. The frilled lizard closely misses you.
You slash the frilled lizard!
You kill the frilled lizard!
Trog accepts your kill.
You slash the kobold!
You kill the kobold!
Trog accepts your kill.
Items here: ( )) †.
Found a smoky golden potion.
The gnoll hits you with a +0 club.
You closely miss the gnoll. You headbutt the gnoll.
The gnoll is lightly wounded.
The gnoll hits you with a +0 club.
You hit the gnoll. Your headbutt misses the gnoll.
The gnoll is moderately wounded.
The gnoll closely misses you.
You hit the gnoll but do no damage.
The gnoll is moderately wounded.
The gnoll hits you with a +0 club.
* * * LOW HITPOINT WARNING * * *
The gnoll hits you with a +0 club.
You die...

.!.. .. #.#.#..
.......###
#.#......#
......#..#
#.#..... .#
##......###..#
......g@....#
.###.##)#.##.#
#.##.# #
#####.##.#.#
#..........#
##.###.#..###
#.........#
####.##..###.#..#
#.........##.#..#


You could see a gnoll.

Vanquished Creatures
  A hobgoblin (D:1)
  A ball python (D:1)
  A frilled lizard (D:1)
  2 kobolds (D:1)
5 creatures vanquished.

Notes
Turn   | Place    | Note
-------+----------+-------------------------------------------
     0 | D:1      | ChaosChampion the Minotaur Berserker began the quest for
                  | the Orb.
     0 | D:1      | Reached XP level 1. HP: 19/19 MP: 0/0
    60 | D:1      | HP: 1/20 [gnoll (6)]
    60 | D:1      | Slain by a gnoll

Illustrated notes

Levels and vault maps discovered:
D:1:      roderic_dead_forest, layout_loops_ring, st_stairs_2

Action                   || total
-------------------------++-------
Melee: Hand axe          ||    16
       Headbutt          ||     2
Armor: Animal skin       ||     3
Dodge: Dodged            ||     8

Table legend: (Time is in decaauts)
 A = Elapsed time spent in this place.
 B = Non-inter-level travel time spent in this place.
 C = Inter-level travel time spent in this place.
 D = Time resting spent in this place.
 E = Time spent auto-exploring this place.
 F = Levels seen in this place.
 G = Mean time per level.
                   A        B        C        D        E       F      G
               +--------+--------+--------+--------+--------+-----+--------+
         Total |     61 |     61 |      0 |      0 |     20 |   1 |   61.0 |
       Dungeon |     61 |     61 |      0 |      0 |     20 |   1 |   61.0 |
               +--------+--------+--------+--------+--------+-----+--------+

Top non-repeatable levels by time:
     D:1: 61 daAuts
